 Dungeon Crawl Stone Soup version 0.27.0-1-g7a089689b8 (webtiles) character file.

Game seed: 13398459930026708567

2942 ZombieSheep the Fighter (level 9, -2/82 HPs)
             Began as a Hill Orc Fighter on Aug 1, 2021.
             Was an Elder of the Shining One.
             Slain by a tengu warrior (6 damage)
             ... on level 8 of the Dungeon.
             The game lasted 00:16:03 (8929 turns).

ZombieSheep the Fighter (Hill Orc Fighter)          Turns: 8929, Time: 00:16:04

Health: -2/82      AC: 13    Str: 19    XL:     9   Next: 80%
Magic:  10/10      EV: 12    Int:  8    God:    the Shining One [****..]
Gold:   456        SH:  0    Dex: 13    Spells: 8/8 levels left

rFire    . . .     SeeInvis .   a - +4 halberd
rCold    . . .     Faith    .   (shield currently unavailable)
rNeg     + + .     Spirit   .   H - +0 scale mail
rPois    .         Reflect  .   (no helmet)
rElec    .         Harm     .   (no cloak)
rCorr    +         Rampage  .   F - +0 pair of gloves
Will     .....                  (no boots)
Stlth    ..........             (no amulet)
HPRegen  0.23/turn              C - +4 ring of protection
MPRegen  0.12/turn              h - ring of resist corrosion

@: glowing
A: no striking features
a: Renounce Religion, Divine Shield, Cleansing Flame


You were on level 8 of the Dungeon.
You worshipped the Shining One.
The Shining One was greatly pleased with you.
You visited 1 branch of the dungeon, and saw 8 of its levels.
You also visited: Ossuary.

You collected 456 gold pieces.

Inventory:

Hand Weapons
 a - a +4 halberd (weapon)
 b - a +0 trident
 o - a +3 dagger of flaming
 J - a +0 war axe of electrocution
Missiles
 B - 8 boomerangs (quivered)
Armour
 c - a +0 kite shield
 j - a +0 plate armour
 F - a +0 pair of gloves (worn)
 H - a +0 scale mail (worn)
Jewellery
 h - a ring of resist corrosion (right hand)
 i - a +4 ring of evasion
 C - a +4 ring of protection (left hand)
 I - a ring of wizardry
Wands
 l - a wand of iceblast (12)
 n - a wand of flame (57)
 s - a wand of acid (4)
Scrolls
 e - 2 scrolls of identify
 f - 3 scrolls of teleportation
 k - a scroll of enchant armour
 m - a scroll of amnesia
 p - a scroll of fear
 y - a scroll of fog
 A - a scroll of summoning
 D - 3 scrolls of enchant weapon
 E - a scroll of holy word
 G - a scroll of immolation
Potions
 g - 4 potions of brilliance
 q - 2 potions of lignification
 r - a potion of berserk rage {unknown}
 t - a potion of mutation {unknown}
 u - a potion of haste {unknown}
 v - a potion of ambrosia {unknown}
 w - 3 potions of curing
 x - a potion of degeneration {unknown}
 z - 3 potions of flight


   Skills:
 + Level 8.6 Fighting
 + Level 7.4 Polearms
 + Level 7.9 Armour
 + Level 5.3 Dodging
 - Level 3.2 Shields
 + Level 2.6 Invocations


You had 8 spell levels left.
You didn't know any spells.
Your spell library contained the following spells:

 Spells                   Type           Power      Damage    Failure   Level
 Magic Dart               Conj           0%         1d3       75%         1
 Call Imp                 Summ           0%         N/A       86%         2
 Passwall                 Tmut/Erth      0%         N/A       86%         2
 Frozen Ramparts          Ice            0%         1d2       98%         3
 Gell's Gravitas          Tloc           0%         N/A       98%         3
 Lesser Beckoning         Tloc           0%         N/A       98%         3
 Mephitic Cloud           Conj/Pois/Air  0%         N/A       98%         3
 Swiftness                Air            0%         N/A       98%         3
 Teleport Other           Tloc           0%         N/A       98%         3
 Ice Form                 Ice/Tmut       0%         N/A       100%        4
 Summon Ice Beast         Ice/Summ       0%         N/A       100%        4
 Invisibility             Hex            0%         N/A       100%        6


Dungeon Overview and Level Annotations

Branches:
Dungeon (8/15)             Temple (0/1) D:4         Ossuary (visited)
   Lair: D:8-11

Altars:
Uskayaw
Yredelemnul
The Shining One

Shops:
D:3 (   D:5 (=:(

Annotations:
D:8 Harold


Message History

You hit the tengu warrior.
The tengu warrior is heavily wounded.
The tengu warrior hits you but does no damage.
The tengu warrior completely misses you.
The tengu warrior misses you.
You completely miss the tengu warrior.
The tengu warrior is heavily wounded.
The tengu warrior hits you but does no damage.
The tengu warrior completely misses you.
The tengu warrior claws you but does no damage.
The tengu warrior hits you with a +0 great sword!!
The tengu warrior pecks you but does no damage.
The tengu warrior closely misses you.
You hit the tengu warrior.
The tengu warrior is heavily wounded.
The tengu warrior hits you with a +0 great sword!
The tengu warrior pecks you but does no damage.
The tengu warrior misses you.
You closely miss the tengu warrior.
The tengu warrior is heavily wounded.
The tengu warrior hits you with a +0 great sword!
The tengu warrior pecks you.
* * * LOW HITPOINT WARNING * * *
The tengu warrior claws you but does no damage.
You puncture the tengu warrior!
The tengu warrior is severely wounded.
The tengu warrior hits you with a +0 great sword!
* * * LOW HITPOINT WARNING * * *
The tengu warrior pecks you.
* * * LOW HITPOINT WARNING * * *
The tengu warrior barely misses you.
You puncture the tengu warrior!
The tengu warrior is almost dead.
The tengu warrior barely misses you. The tengu warrior pecks you.
* * * LOW HITPOINT WARNING * * *
The tengu warrior closely misses you.
You hit the tengu warrior but do no damage.
The tengu warrior is almost dead.
The tengu warrior hits you with a +0 great sword.
You die...

#...............+..>.
#..#.###)........##...
##.###!##...##......[.
#( .#. #...##........
## #.. #...##........
#.# #...##........ #.#
######........ #Q#
#........ #@#
#........ #.#.#
#........ #.#.#
####........ #.#.#
#.........## #.#.#
#.........# #.#.#
#.........# #.#.#
#.........# #.#.#
#.........#
#.#'###.........#


You could see a tengu warrior.

Vanquished Creatures
  Sigmund (D:5)
  Menkaure (D:5)
  A water moccasin (D:4)
  Purgy (D:3)
  An ice beast (D:5)
  3 black bears
  A necrophage (D:6)
  2 phantoms
  2 elf zombies (D:4)
  A kobold brigand (D:8)
  A bullfrog (D:7)
  A wyvern zombie (D:7)
  3 elf skeletons (D:4)
  2 scorpions
  7 water moccasin zombies (Ossuary)
  A wyvern skeleton (D:4)
  A water moccasin skeleton (D:7)
  A human zombie (D:4)
  A bullfrog zombie (D:5)
  A gnoll shaman (D:7)
  3 jellies
  6 hounds
  Jessica (D:2)
  An iguana (D:5)
  Ijyb (D:5)
  A killer bee zombie (D:8)
  A hound zombie (D:5)
  2 mummies (Ossuary)
  A howler monkey zombie (D:7)
  3 gnolls (D:7)
  A howler monkey skeleton (D:7)
  9 adders
  A shadow imp (D:5)
  2 white imps
  An ufetubus (D:6)
  3 adder zombies (Ossuary)
  3 worms
  3 dart slugs
  8 orcs
  11 ball pythons
  5 endoplasms
  6 giant cockroaches
  6 goblins
  3 hobgoblins
  13 jackals
  A quokka (D:4)
  3 bats
  3 hobgoblin zombies (Ossuary)
  7 kobolds
  7 kobold zombies (Ossuary)
  3 orc skeletons (D:4)
  3 orc zombies
  9 rats
164 creatures vanquished.

Notes
Turn   | Place    | Note
-------+----------+-------------------------------------------
     0 | D:1      | ZombieSheep the Hill Orc Fighter began the quest for the
                  | Orb.
     0 | D:1      | Reached XP level 1. HP: 19/19 MP: 1/1
    64 | D:1      | Reached XP level 2. HP: 19/27 MP: 2/2
   179 | D:1      | You fall into a shaft and drop 1 floor!
   375 | D:1      | Reached skill level 4 in Fighting
   378 | D:1      | Reached XP level 3. HP: 30/33 MP: 3/3
   618 | D:1      | Reached skill level 1 in Dodging
  1566 | D:2      | Reached XP level 4. HP: 29/40 MP: 4/4
  2023 | D:2      | Noticed Jessica
  2025 | D:2      | Killed Jessica
  2260 | D:2      | Reached XP level 5. HP: 47/47 MP: 5/5
  2333 | D:3      | Found Saph's Weapon Shop.
  2623 | D:3      | Found a glowing golden altar of the Shining One.
  2625 | D:3      | Noticed a phantom
  2630 | D:3      | Became a worshipper of the Shining One
  2651 | D:3      | Killed a phantom
  2993 | D:3      | Noticed Purgy
  3001 | D:3      | Killed Purgy
  3002 | D:3      | Reached skill level 5 in Fighting
  3002 | D:3      | Reached XP level 6. HP: 56/56 MP: 6/6
  3612 | D:4      | Reached skill level 5 in Armour
  3728 | D:4      | Reached XP level 7. HP: 57/62 MP: 7/7
  3734 | D:4      | Found a sand-covered staircase.
  3751 | Ossuary  | Entered an ossuary
  3776 | Ossuary  | Reached * piety under the Shining One
  3994 | Ossuary  | Reached skill level 6 in Fighting
  4009 | Ossuary  | Reached skill level 5 in Polearms
  4251 | Ossuary  | Reached XP level 8. HP: 62/71 MP: 8/8
  4304 | Ossuary  | Reached ** piety under the Shining One
  4565 | D:4      | Reached *** piety under the Shining One
  4690 | D:4      | Found a staircase to the Ecumenical Temple.
  4895 | D:4      | Reached skill level 7 in Fighting
  4999 | D:5      | Entered Level 5 of the Dungeon
  5000 | D:5      | Noticed Sigmund
  5538 | D:5      | Noticed Menkaure
  5927 | D:5      | Killed Menkaure
  5928 | D:5      | Reached XP level 9. HP: 76/80 MP: 9/9
  5992 | D:5      | Killed Sigmund
  6082 | D:5      | Noticed Ijyb
  6170 | D:5      | Killed Ijyb
  6257 | D:5      | Reached skill level 8 in Fighting
  6312 | D:5      | Found Ahiusk's Weapon Emporium.
  6401 | D:5      | Found a basalt altar of Yredelemnul.
  6407 | D:5      | Found a hide-covered altar of Uskayaw.
  6447 | D:5      | Found Qaoruran's Book Boutique.
  6509 | D:5      | Found Todijejeza's Weapon Emporium.
  6531 | D:5      | Found Vefij's Jewellery Shop.
  7014 | D:6      | Reached skill level 5 in Dodging
  7408 | D:7      | Reached skill level 1 in Invocations
  7581 | D:7      | Identified the +1 ring mail "Laffy" {rElec Str-5 SInv}
  7675 | D:7      | Reached **** piety under the Shining One
  8416 | D:8      | Identified the +10 hunting sling "Unneerat" {vorpal, Will-
                  | Dex+5}
  8662 | D:8      | Noticed Harold
  8914 | D:8      | Noticed a tengu warrior
  8928 | D:8      | HP: 4/82 [tengu warrior (4)]
  8929 | D:8      | Slain by a tengu warrior

Illustrated notes

Levels and vault maps discovered:
D:1:      minmay_arrival_plants_in_alcoves, layout_loops_ring
D:2:      layout_basic, uniq_jessica
D:3:      layout_loops_ring, nicolae_tso_carved_into_rock, serial_shops, shop,
          uniq_purgy
D:4:      layout_rooms, minmay_temple_entry_mini_moons,
          nicolae_ossuary_entry_catacombs, kennysheep_doodads,
          patterned_corridor
D:5:      layout_cave_pools, amethyst_overflow_temple_binary,
          portal_sewer_entry_b, serial_shops, nicolae_shop_behind_doors,
          nicolae_shop_stone, shop_statue, kennysheep_little_box, st_stairs_13,
          uniq_ijyb, uniq_menkaure, uniq_sigmund
D:6:      layout_layer_cave, minmay_misc_feat_four_crosses
D:7:      layout_basic
D:8:      layout_basic, slow_altar_2, lemuel_tele_altar, minmay_microvault,
          uniq_harold

Skill      XL: |  1  2  3  4  5  6  7  8  9 |
---------------+----------------------------+-----
Fighting       | 4 5 6 7 8 |  8.6
Dodging        | 1 2 3 4 5 |  5.3
Polearms       | 3 4 5 6 7 |  7.4
Armour         | 4 5 6 7 |  7.9
Invocations    | 2 |  2.6
Shields        | |  3.2

Action                   |  1- 3 |  4- 6 |  7- 9 || total
-------------------------+-------+-------+-------++-------
Melee: Trident           |   121 |   155 |   457 ||   733
       Halberd           |       |       |    52 ||    52
Invok: Divine Shield     |       |       |     1 ||     1
Evoke: Wand              |       |     5 |     3 ||     8
  Use: Scroll            |     1 |     6 |    10 ||    17
       Potion            |       |     1 |     3 ||     4
Armor: Scale mail        |    52 |    50 |   155 ||   257
Dodge: Dodged            |    46 |   120 |   272 ||   438
Block: Kite shield       |    86 |    12 |       ||    98
       Other             |       |       |     2 ||     2
